 Dungeon Crawl Stone Soup version 0.26.0-10-g1f06aea511 (webtiles) character file.

Game seed: 11855767628108904136

5887 Mattiprrivan the Magician (level 10, -3/75 HPs)
             Began as a Gnoll Venom Mage on Jan 13, 2021.
             Was an Elder of Lugonu.
             Shot with an arrow by a centaur warrior (12 damage)
             ... on level 10 of the Dungeon on Jan 14, 2021.
             The game lasted 01:39:51 (9362 turns).

Mattiprrivan the Magician (Gnoll Venom Mage)        Turns: 9362, Time: 01:39:52

Health: -3/75      AC:  6    Str: 12    XL:     10   Next: 82%
Magic:  19/21      EV: 18    Int: 20    God:    Lugonu [****..]
Gold:   486        SH:  0    Dex: 22    Spells: 15/24 levels left

rFire    . . .     SeeInvis .   s - +5 long sword of the Destroying Tiger {vamp, rPois Dex+7}
rCold    + . .     Faith    .   (no shield)
rNeg     . . .     Spirit   .   a - +3 leather armour {rC+}
rPois    +         Reflect  .   (no helmet)
rElec    .         Harm     .   (no cloak)
rCorr    .         Rampage  .   (no gloves)
Will     .....                  (no boots)
Stlth    ++++......             (no amulet)
HPRegen  0.22/turn              (no ring)
MPRegen  0.17/turn              l - ring of flight

@: about to teleport
A: distributed training, fangs 1, strong nose
a: Renounce Religion, Evoke Flight, Depart the Abyss, Bend Space, Banish,
Corrupt


You were on level 10 of the Dungeon.
You worshipped Lugonu.
Lugonu was greatly pleased with you.
You visited 1 branch of the dungeon, and saw 10 of its levels.

You collected 591 gold pieces.
You spent 105 gold pieces at shops.

Inventory:

Hand Weapons
 s - the +5 long sword of the Destroying Tiger (weapon) {vamp, rPois Dex+7}
   (You found it on level 4 of the Dungeon)

   It inflicts no extra harm, but heals its wielder when it wounds a living foe.
   It affects your dexterity (+7).
   It protects you from poison.
 x - a +7 mace
Missiles
 c - 39 poisoned darts (quivered)
 j - 4 atropa-tipped darts
 k - 3 javelins
 u - 7 boomerangs
Armour
 a - a +3 leather armour of cold resistance (worn)
 h - a +1 troll leather armour
Jewellery
 l - a ring of flight (right hand)
 z - an uncursed ring of resist corrosion
Wands
 d - a wand of random effects (31)
 o - a wand of flame (20)
 w - a wand of paralysis (5)
Scrolls
 i - a scroll of teleportation
 m - 3 scrolls of identify
 n - a scroll of fear
 q - 4 scrolls of remove curse
Potions
 b - a potion of haste
 e - 3 potions of curing
 f - 2 potions of cancellation
 g - 2 potions of flight
 p - a potion of berserk rage
 r - 4 potions of might


   Skills:
 + Level 5.6 Fighting
 + Level 5.6 Short Blades
 + Level 5.6 Long Blades
 + Level 5.6 Axes
 + Level 5.6 Maces & Flails
 + Level 5.6 Polearms
 + Level 5.6 Staves
 + Level 5.6 Slings
 + Level 5.6 Bows
 + Level 5.6 Crossbows
 + Level 5.6 Throwing
 + Level 5.6 Armour
 + Level 7.3 Dodging
 + Level 7.1 Stealth
 + Level 5.6 Shields
 + Level 5.6 Unarmed Combat
 + Level 7.6 Spellcasting
 + Level 4.6 Conjurations
 + Level 4.6 Hexes
 + Level 4.6 Summonings
 + Level 4.6 Necromancy
 + Level 4.6 Translocations
 + Level 5.2 Transmutations
 + Level 4.6 Fire Magic
 + Level 4.6 Ice Magic
 + Level 4.6 Air Magic
 + Level 4.6 Earth Magic
 + Level 7.3 Poison Magic
 + Level 6.2 Invocations
 + Level 5.6 Evocations


You had 15 spell levels left.
You knew the following spells:

 Your Spells              Type           Power        Failure   Level
a - Sting                 Tmut/Pois      100%         1%          1
b - Poisonous Vapours     Pois/Air       62%          1%          2
c - Mephitic Cloud        Conj/Pois/Air  29%          3%          3
d - Ignite Poison         Fire/Tmut/Pois 30%          3%          3

Your spell library contained the following spells:

 Spells                   Type           Power        Failure   Level
 Olgreb's Toxic Radiance  Pois           36%          5%          4


Dungeon Overview and Level Annotations

Branches:
Dungeon (10/15)            Temple (0/1) D:7
   Lair: D:8-11         Orc: D:9-12

Altars:
Cheibriados
Dithmenos
Elyvilon
Fedhas
Kikubaaqudgha
Makhleb
Vehumet
Wu Jian
Xom
Zin
Lugonu

Shops:
D:5 [(


Innate Abilities, Weirdness & Mutations

Your experience applies equally to all skills.
You have very sharp teeth.
Your uncanny sense of smell can sniff out nearby items.


Message History

You hit the freezing wraith.
You bite the freezing wraith, but do no damage.
The freezing wraith is lightly damaged.
The freezing wraith misses you. The freezing wraith closely misses you.
The centaur warrior shoots an arrow.
The arrow hits you! The freezing wraith hits you!
* * * LOW HITPOINT WARNING * * *
The freezing wraith freezes you. You resist.
* * * LOW HITPOINT WARNING * * *
The freezing wraith closely misses you.
You feel much better.
The centaur warrior shoots an arrow.
The arrow hits you.
The hornet stings the freezing wraith.
The freezing wraith hits you!
* * * LOW HITPOINT WARNING * * *
The freezing wraith freezes you! You resist.
* * * LOW HITPOINT WARNING * * *
The freezing wraith closely misses you.
As you read the scroll of teleportation, it crumbles to dust.
You feel strangely unstable.
The centaur warrior shoots an arrow.
The arrow hits you!
You die...

#### ..........# .....
..........#
.....##########..<#
.....#.(......#...#
....[#........#...########
.....#...................#
.....#........####..####.#
###..###+####.#........#
#....†......#.@####..#
#...........#.#W...#.#
#.............#y.#.#...
#.[#'###......#.#.. ...
#..#...#....#c#....# ..
#..#...#....#..## #..
#..#...#....#.... ..#
###..#...#....####.. ##
.....#...#..... ..


You could see a centaur warrior, a freezing wraith and a hornet (confused).

Vanquished Creatures
  Pikel (D:8)
  Maurice (D:9)
  2 trolls
  A hornet (D:7)
  4 yaks (D:8)
  2 wraiths (D:10)
  Sigmund (D:3)
  A wyvern (D:10)
  2 steam dragons (D:10)
  A water moccasin (D:8)
  An orc warrior (D:6)
  2 sky beasts
  2 ice beasts
  7 ogres
  2 phantoms
  5 centaurs
  3 lemures (D:8)
  5 bullfrogs
  A scorpion (D:6)
  3 killer bees (D:10)
  4 wights (D:8)
  2 howler monkeys (D:8)
  A bullfrog zombie (D:6)
  2 jellies
  A bullfrog skeleton (D:10)
  2 hounds (D:8)
  3 orc wizards
  A centaur skeleton (D:5)
  5 iguanas
  3 worker ants
  A killer bee zombie (D:5)
  A hound zombie (D:8)
  A hound skeleton (D:4)
  3 gnolls (D:7)
  7 adders
  2 white imps
  2 ufetubi
  2 oozes
  An adder zombie (D:5)
  An adder skeleton (D:9)
  4 worms
  3 dart slugs
  7 leopard geckos
  9 orcs
  7 giant cockroaches
  7 goblins
  6 hobgoblins
  4 jackals (D:8)
  A quokka (D:3)
  A ball python (D:3)
  7 bats
  4 frilled lizards
  A jackal skeleton (D:6)
  A jackal zombie (D:5)
  A kobold (D:3)
  A leopard gecko skeleton (D:7)
  A quokka skeleton (D:5)
  14 rats
171 creatures vanquished.

Vanquished Creatures (others)
  11 plants (D:5)
11 creatures vanquished.

Grand Total: 182 creatures vanquished

Notes
Turn   | Place    | Note
-------+----------+-------------------------------------------
     0 | D:1      | Mattiprrivan the Gnoll Venom Mage began the quest for the
                  | Orb.
     0 | D:1      | Reached XP level 1. HP: 13/13 MP: 6/6
   192 | D:1      | Reached XP level 2. HP: 19/19 MP: 5/7
   195 | D:1      | Learned a level 2 spell: Poisonous Vapours
   624 | D:1      | Reached XP level 3. HP: 25/25 MP: 3/9
   765 | D:1      | Reached skill level 5 in Spellcasting
   982 | D:2      | Reached skill level 1 in Invocations
  1031 | D:2      | Found a snail-covered altar of Cheibriados.
  1194 | D:2      | Learned a level 3 spell: Mephitic Cloud
  1198 | D:2      | Learned a level 3 spell: Ignite Poison
  1233 | D:2      | Reached skill level 1 in Fighting
  1233 | D:2      | Reached skill level 1 in Short Blades
  1233 | D:2      | Reached skill level 1 in Long Blades
  1233 | D:2      | Reached skill level 1 in Axes
  1233 | D:2      | Reached skill level 1 in Maces & Flails
  1233 | D:2      | Reached skill level 1 in Polearms
  1233 | D:2      | Reached skill level 1 in Staves
  1233 | D:2      | Reached skill level 1 in Slings
  1233 | D:2      | Reached skill level 1 in Bows
  1233 | D:2      | Reached skill level 1 in Crossbows
  1233 | D:2      | Reached skill level 1 in Throwing
  1233 | D:2      | Reached skill level 1 in Armour
  1233 | D:2      | Reached skill level 1 in Shields
  1233 | D:2      | Reached skill level 1 in Unarmed Combat
  1233 | D:2      | Reached skill level 1 in Evocations
  1233 | D:2      | Reached XP level 4. HP: 29/32 MP: 6/11
  1271 | D:2      | Found a faded altar of an unknown god.
  1298 | D:2      | Became a worshipper of Lugonu the Unformed
  1298 | D:2      | Reached * piety under Lugonu
  1298 | D:2      | Reached ** piety under Lugonu
  2386 | D:3      | Noticed Sigmund
  2401 | D:3      | Reached skill level 1 in Conjurations
  2401 | D:3      | Reached skill level 1 in Hexes
  2401 | D:3      | Reached skill level 1 in Summonings
  2401 | D:3      | Reached skill level 1 in Necromancy
  2401 | D:3      | Reached skill level 1 in Translocations
  2401 | D:3      | Reached skill level 1 in Fire Magic
  2401 | D:3      | Reached skill level 1 in Ice Magic
  2401 | D:3      | Reached skill level 1 in Air Magic
  2401 | D:3      | Reached skill level 1 in Earth Magic
  2584 | D:3      | Found an ornate altar of the Wu Jian Council.
  3014 | D:3      | Killed Sigmund
  3015 | D:3      | Reached XP level 5. HP: 38/38 MP: 9/12
  3015 | D:3      | Reached XP level 6. HP: 44/44 MP: 9/13
  3068 | D:3      | Found a burning altar of Makhleb.
  3340 | D:4      | Noticed a phantom
  3362 | D:4      | Killed a phantom
  3363 | D:4      | Reached skill level 5 in Dodging
  3378 | D:4      | Found a radiant altar of Vehumet.
  3654 | D:4      | Reached XP level 7. HP: 43/50 MP: 5/15
  3924 | D:4      | Found a blossoming altar of Fedhas.
  4020 | D:4      | Got a steaming long sword
  4021 | D:4      | Identified the +5 long sword of the Destroying Tiger {vamp,
                  | rPois Dex+7} (You found it on level 4 of the Dungeon)
  4253 | D:5      | Entered Level 5 of the Dungeon
  4253 | D:5      | Found Utrih's Antique Weapon Shoppe.
  4431 | D:5      | Reached skill level 5 in Stealth
  4467 | D:5      | Reached *** piety under Lugonu
  4587 | D:5      | Found Usoshe Vaare's Antique Armour Emporium.
  4611 | D:5      | Bought a glowing leather armour for 105 gold pieces
  5261 | D:6      | Reached XP level 8. HP: 39/57 MP: 16/16
  5571 | D:6      | Found a white marble altar of Elyvilon.
  6016 | D:7      | Found a staircase to the Ecumenical Temple.
  6205 | D:7      | Noticed a hornet
  6213 | D:7      | Killed a hornet
  6231 | D:7      | Found a shimmering altar of Xom.
  6232 | D:7      | Found a glowing silver altar of Zin.
  6232 | D:7      | Noticed an angel
  6524 | D:8      | Reached XP level 9. HP: 32/65 MP: 11/18
  6856 | D:8      | Found a shadowy altar of Dithmenos.
  7234 | D:8      | Reached skill level 5 in Invocations
  7503 | D:8      | Noticed Pikel
  7563 | D:8      | Killed Pikel
  7564 | D:8      | Reached XP level 10. HP: 61/73 MP: 20/20
  7644 | D:8      | Found an ancient bone altar of Kikubaaqudgha.
  8168 | D:9      | Reached skill level 5 in Fighting
  8168 | D:9      | Reached skill level 5 in Short Blades
  8168 | D:9      | Reached skill level 5 in Long Blades
  8168 | D:9      | Reached skill level 5 in Axes
  8168 | D:9      | Reached skill level 5 in Maces & Flails
  8168 | D:9      | Reached skill level 5 in Polearms
  8168 | D:9      | Reached skill level 5 in Staves
  8168 | D:9      | Reached skill level 5 in Slings
  8168 | D:9      | Reached skill level 5 in Bows
  8168 | D:9      | Reached skill level 5 in Crossbows
  8168 | D:9      | Reached skill level 5 in Throwing
  8168 | D:9      | Reached skill level 5 in Armour
  8168 | D:9      | Reached skill level 5 in Shields
  8168 | D:9      | Reached skill level 5 in Unarmed Combat
  8168 | D:9      | Reached skill level 5 in Evocations
  8489 | D:9      | Reached **** piety under Lugonu
  8594 | D:9      | Noticed Maurice
  8631 | D:9      | Killed Maurice
  8694 | D:9      | You fall into a shaft and drop 1 floor!
  8694 | D:10     | Entered Level 10 of the Dungeon
  8752 | D:10     | Reached skill level 5 in Transmutations
  8879 | D:10     | Upgraded the game from 0.26.0-9-gab577f9fc5 to
                  | 0.26.0-10-g1f06aea511
  9358 | D:10     | Noticed a centaur warrior
  9362 | D:10     | Shot with an arrow by a centaur warrior

Illustrated notes

Levels and vault maps discovered:
D:1:      roderic_chinese_lattice_arrival, layout_loops_cross
D:2:      layout_loops_cross, chequers_ecumenical_altar_island,
          kennysheep_slug_shrine
D:3:      layout_basic, lemuel_coloured_pillars_altar, nzn_wu_jian_council_hall,
          uniq_sigmund
D:4:      layout_basic, vehumet_altar_wand_db, fedhas_altar_fruit_tree
D:5:      layout_loops_ring, serial_shops, nicolae_shop_crystal,
          nicolae_shop_crystal, grunt_ministairs_10, chequers_decorated_corner,
          kennysheep_doodads, chequers_big_river
D:6:      layout_cave_pools, elyvilon_altar_3
D:7:      layout_cave_pools, grunt_temple_overflow_order_and_chaos_1,
          minmay_temple_entry_waves
D:8:      layout_cave_pods, kiku_gazebo_pond_becter,
          nicolae_dithmenos_through_a_glass_darkly, uniq_pikel
D:9:      layout_roguey, kennysheep_pointless_box, uniq_maurice
D:10:     layout_irregular_city, minivault_20

Skill      XL: |  1  2  3  4  5  6  7  8  9 10 |
---------------+-------------------------------+-----
Transmutations | 2 3 4 5 |  5.2
Spellcasting   | 5 6 7 |  7.6
Invocations    | 1 2 3 4 5 6 |  6.2
Fighting       | 1 2 3 4 5 |  5.6
Short Blades   | 1 2 3 4 5 |  5.6
Long Blades    | 1 2 3 4 5 |  5.6
Axes           | 1 2 3 4 5 |  5.6
Maces & Flails | 1 2 3 4 5 |  5.6
Polearms       | 1 2 3 4 5 |  5.6
Staves         | 1 2 3 4 5 |  5.6
Slings         | 1 2 3 4 5 |  5.6
Bows           | 1 2 3 4 5 |  5.6
Crossbows      | 1 2 3 4 5 |  5.6
Throwing       | 1 2 3 4 5 |  5.6
Armour         | 1 2 3 4 5 |  5.6
Shields        | 1 2 3 4 5 |  5.6
Unarmed Combat | 1 2 3 4 5 |  5.6
Evocations     | 1 2 3 4 5 |  5.6
Conjurations   | 1 2 3 4 |  4.6
Hexes          | 1 2 3 4 |  4.6
Summonings     | 1 2 3 4 |  4.6
Necromancy     | 1 2 3 4 |  4.6
Translocations | 1 2 3 4 |  4.6
Fire Magic     | 1 2 3 4 |  4.6
Ice Magic      | 1 2 3 4 |  4.6
Air Magic      | 1 2 3 4 |  4.6
Earth Magic    | 1 2 3 4 |  4.6
Dodging        | 5 6 7 |  7.3
Stealth        | 5 6 7 |  7.1
Poison Magic   | 6 7 |  7.3

Action                   |  1- 3 |  4- 6 |  7- 9 | 10-12 || total
-------------------------+-------+-------+-------+-------++-------
Melee: Unarmed           |    37 |    13 |       |       ||    50
       Bite              |     6 |     5 |    25 |    15 ||    51
       Hand axe          |       |    56 |    11 |       ||    67
       Punch             |       |     1 |     8 |     4 ||    13
       Long sword        |       |       |   146 |    80 ||   226
Throw: Dart              |     9 |    31 |    65 |    39 ||   144
 Cast: Sting             |    22 |     2 |       |       ||    24
       Poisonous Vapours |    16 |    24 |     6 |     1 ||    47
       Mephitic Cloud    |       |     6 |    21 |    16 ||    43
Evoke: Wand              |       |    12 |    26 |    17 ||    55
  Use: Scroll            |     3 |    12 |    10 |     5 ||    30
       Potion            |     1 |     6 |     4 |     1 ||    12
 Stab: Sleeping          |     1 |     1 |     2 |     6 ||    10
       Confused          |       |     3 |    12 |     4 ||    19
       Paralysed         |       |       |       |     2 ||     2
Armor: Robe              |     5 |    13 |     3 |       ||    21
       Leather armour    |       |       |    18 |     3 ||    21
       Troll leather arm |       |       |       |    12 ||    12
Dodge: Dodged            |    27 |    61 |   111 |    75 ||   274
       Rpst.: Long sword |       |       |    27 |    20 ||    47
